 Dungeon Crawl Stone Soup version 0.27-a0-1334-g2746e35aca (webtiles) character file.

Game seed: 11892724273108540277

142 Delamore the Sneak (level 5, 0/36 HPs)
             Began as an Octopode Brigand on June 26, 2021.
             Slain by an orc (6 damage)
             ... on level 3 of the Dungeon.
             The game lasted 00:01:27 (2373 turns).

Delamore the Sneak (Octopode Brigand)               Turns: 2373, Time: 00:01:28

Health: 0/36       AC:  1    Str: 10    XL:     5   Next: 24%
Magic:  5/5        EV: 12    Int: 13    God:
Gold:   91         SH:  0    Dex: 15    Spells: 4/4 levels left

rFire    . . .     SeeInvis .   a - +2 dagger
rCold    . . .     Faith    .   (no shield)
rNeg     . . .     Spirit   .   (helmet restricted)
rPois    .         Reflect  .   (no amulet)
rElec    .         Harm     .   (no ring)
rCorr    .         Rampage  .   (no ring)
Will     .....                  (no ring)
Stlth    ++++......             (no ring)
HPRegen  0.12/turn              (no ring)
MPRegen  0.09/turn              (no ring)
                                (no ring)
                                (no ring)

@: no status effects
A: almost no armour, amphibious, 8 rings, camouflage 1, gelatinous body 1,
(nimble swimmer 1), tentacles
a: no special abilities


You were on level 3 of the Dungeon.
You visited 1 branch of the dungeon, and saw 3 of its levels.

You collected 91 gold pieces.

Inventory:

Hand Weapons
 a - a +2 dagger (weapon)
Missiles
 b - 24 poisoned darts (quivered)
Jewellery
 e - a ring of willpower
 g - a ring of resist corrosion
 i - a +6 ring of strength
Scrolls
 d - 2 scrolls of teleportation
 f - 3 scrolls of identify {unknown}
 h - a scroll of brand weapon {unknown}
Potions
 j - a potion of attraction {unknown}


   Skills:
 + Level 3.1 Fighting
 * Level 3.9 Short Blades
 - Level 2.0 Throwing
 - Level 1.0 Dodging
 + Level 6.4 Stealth


You had 4 spell levels left.
You didn't know any spells.
Your spell library was empty.

Dungeon Overview and Level Annotations

Branches:
Dungeon (3/15)

Altars:
Xom


Innate Abilities, Weirdness & Mutations

You cannot wear most types of armour.
You are amphibious.
You can wear up to eight rings at the same time.
Your skin changes colour to match your surroundings (Stealth+).
Your rubbery body absorbs attacks. (AC +1, EV +1)
((You are camouflaged near water. (Stealth+)))
You have tentacles for arms and can constrict up to eight enemies at once.


Message History

You hit the orc. You squeeze the orc.
You kill the orc!
The orc barely misses you.
You hit the orc but do no damage. Your grab misses the orc.
You squeeze the orc, but do no damage. The orc hits you with a +0 flail.
You hit the orc wizard. You grab the orc wizard.
The orc wizard is moderately wounded.
You constrict the orc wizard. The orc barely misses you.
The orc wizard misses you. The orc closely misses you.
You barely miss the orc wizard.
The orc wizard is moderately wounded.
You constrict the orc wizard, but do no damage.
The orc hits you with a +0 hand axe. The orc wizard casts a spell at you.
The puff of flame hits you! The orc closely misses you.
You release your grip on the orc wizard.
The orc wizard points at you and mumbles some strange words.
The magic dart hits you!
* * * LOW HITPOINT WARNING * * *
Throw: 2 darts (curare)
Press: ? - help, Q - select action, (/) - cycle Shift-Dir - straight line, f - orc wizard
Aim: an orc wizard, wielding a +0 dagger and wearing a +0 robe (moderately wounded, 53% to hit)
You throw a curare-tipped dart. The curare-tipped dart hits the orc.
The orc is poisoned.
The orc convulses.
You kill the orc!
The orc closely misses you.
Throw: dart (curare)
Press: ? - help, Q - select action, (/) - cycle Shift-Dir - straight line, f/p - orc wizard
Aim: an orc wizard, wielding a +0 dagger and wearing a +0 robe (moderately wounded, 53% to hit)
You throw a curare-tipped dart.
The curare-tipped dart barely misses the orc wizard.
The orc closely misses you. The orc wizard barely misses you.
Throw: 25 darts (poison)
Press: ? - help, Q - select action Shift-Dir - straight line, f/p - orc wizard
Aim: an orc wizard, wielding a +0 dagger and wearing a +0 robe (moderately wounded, 53% to hit)
You throw a poisoned dart.
The poisoned dart barely misses the orc wizard.
The orc hits you with a +0 hand axe.
You die...

....
.....####+######
#......(........
##...............
..........>......
#...............
#...............
#......o).......
#......@o.......
.####....)..........
....................
....................
....................
#
....................
##
....................
##.
.................##
.##..
......##..........
.##..


You could see an orc wizard and an orc.

Vanquished Creatures
  A jelly (D:3)
  2 adders (D:2)
  A worm (D:2)
  A dart slug (D:1)
  2 orcs (D:3)
  4 ball pythons
  5 bats
  5 endoplasms
  A giant cockroach (D:2)
  3 goblins
  9 hobgoblins
  26 jackals
  4 kobolds
  3 quokkas
  4 frilled lizards
  3 rats
74 creatures vanquished.

Notes
Turn   | Place    | Note
-------+----------+-------------------------------------------
     0 | D:1      | Delamore the Octopode Brigand began the quest for the Orb.
     0 | D:1      | Reached XP level 1. HP: 14/14 MP: 1/1
    36 | D:1      | Reached XP level 2. HP: 15/19 MP: 2/2
   261 | D:1      | Reached XP level 3. HP: 18/25 MP: 3/3
  1212 | D:2      | Reached XP level 4. HP: 30/30 MP: 4/4
  1312 | D:2      | Reached skill level 6 in Stealth
  1335 | D:2      | Found a shimmering altar of Xom.
  1816 | D:2      | Found a faded altar of an unknown god.
  1817 | D:2      | Noticed a floating eye
  1819 | D:2      | Noticed a shining eye
  1819 | D:2      | Noticed a shining eye
  1819 | D:2      | Noticed a golden eye
  2273 | D:3      | Reached XP level 5. HP: 36/36 MP: 5/5
  2373 | D:3      | Slain by an orc

Illustrated notes

Levels and vault maps discovered:
D:1:      minmay_arrival_split_and_join, layout_loops_ring, minivault_27
D:2:      cheibrodos_old_hovel, layout_loops_ring, basic_altar,
          hellmonk_ecumenical_altar_watching_god, hangedman_decor_riveting
D:3:      layout_basic

Skill      XL: |  1  2  3  4 |
---------------+-------------+-----
Short Blades   | 3 |  3.9
Stealth        | 6 |  6.4
Fighting       | 3 |  3.1
Throwing       | |  2.0
Dodging        | |  1.0

Action                   |  1- 3 |  4- 6 || total
-------------------------+-------+-------++-------
Melee: Dagger            |    85 |    57 ||   142
       Constrict         |    23 |    15 ||    38
       Tentacles         |    14 |    11 ||    25
Throw: Dart              |       |     3 ||     3
  Use: Scroll            |       |     1 ||     1
 Stab: Sleeping          |     8 |    12 ||    20
       Distracted        |     2 |       ||     2
Armor: Skin              |     7 |     3 ||    10
Dodge: Dodged            |    48 |    33 ||    81

Table legend: (Time is in decaauts)
 A = Elapsed time spent in this place.
 B = Non-inter-level travel time spent in this place.
 C = Inter-level travel time spent in this place.
 D = Time resting spent in this place.
 E = Time spent auto-exploring this place.
 F = Levels seen in this place.
 G = Mean time per level.
                   A        B        C        D        E       F      G
               +--------+--------+--------+--------+--------+-----+--------+
         Total |   2350 |   2251 |     99 |    130 |   1776 |   3 |  783.3 |
       Dungeon |   2350 |   2251 |     99 |    130 |   1776 |   3 |  783.3 |
               +--------+--------+--------+--------+--------+-----+--------+

Top non-repeatable levels by time:
     D:1: 1178 daAuts
     D:2: 1061 daAuts
     D:3: 110 daAuts
